 Dungeon Sprint DCSS version 0.25-a0-589-g1e14c54 (webtiles) character file.

Game seed: 433687906118210210, levelgen mode: deterministic

1439 Faca the Grappler (level 8, 0/92 HPs)
             Began as a Troll Hunter on Mar 9, 2020.
             Was an Elder of Okawaru.
             Slain by a hornet (9 damage)
             ... in the Dungeon (Sprint IX: "|||||||||||||||||||||||||||||").
             The game lasted 00:01:53 (247 turns).

Faca the Grappler (Troll Hunter)                     Turns: 247, Time: 00:01:53

Health: 0/92       AC:  8    Str: 26    XL:     8   Next: 45%
Magic:  7/7        EV: 10    Int:  7    God:    Okawaru [****..]
Gold:   0          SH:  0    Dex: 10    Spells: 7/7 levels left

rFire    . . .     SeeInvis .     - Unarmed
rCold    . . .     Gourm    +   (no shield)
rNeg     . . .     Faith    .   b - +0 robe
rPois    .         Spirit   .   (helmet restricted)
rElec    .         Reflect  .   (no cloak)
rCorr    .         Harm     .   (gloves unavailable)
MR       .....     NoTele   +   (boots unavailable)
Stlth    +.........             (no amulet)
HPRegen  0.65/turn              o - +3 ring of strength
MPRegen  0.10/turn              p - +2 ring of protection

@: slowed, very slow
A: large, unfitting armour, claws 3, fast metabolism 3, gourmand, regeneration
1, shaggy fur 1, tough skin 3
a: Heroism, Renounce Religion


You were in the Dungeon.
You worshipped Okawaru.
Okawaru was greatly pleased with you.
You were full.

You visited 1 branch

Inventory:

Missiles
 c - 5 large rocks
 d - 2 throwing nets
 q - 5 boomerangs of dispersal (quivered)
Armour
 b - a +0 robe (worn)
Jewellery
 o - a +3 ring of strength (left claw)
 p - a +2 ring of protection (right claw)
Wands
 n - a wand of iceblast (10)
Scrolls
 k - 2 scrolls of blinking
 l - 3 scrolls of remove curse
 m - 2 scrolls of amnesia
Potions
 e - 3 potions of curing
 g - a potion of invisibility
 h - a potion of heal wounds
 i - 4 potions of magic
 j - a potion of berserk rage
Comestibles
 f - 2 rations


   Skills:
 + Level 9.4 Fighting
 + Level 10.7 Throwing
 - Level 1.5 Dodging
 - Level 0.3 Stealth
 + Level 10.8 Unarmed Combat


You had 7 spell levels left.
You didn't know any spells.
Your spell library was empty.

Dungeon Overview and Level Annotations

Branches:
Dungeon (1/1)

Altars:
Cheibriados
Dithmenos
Elyvilon
Fedhas
Gozag
Hepliaklqana
Kikubaaqudgha
Makhleb
Nemelex Xobeh
Okawaru
Qazlal
Ru
Sif Muna
Trog
Uskayaw
Vehumet
Wu Jian
Xom
Yredelemnul
Zin
The Shining One
Beogh
Jiyva
Lugonu


Innate Abilities, Weirdness & Mutations

You are too large for most types of armour.
You have claws for hands.
Your metabolism is lightning-fast.
You like to eat raw meat.
Your natural rate of healing is unusually fast.
You are covered in fur. (AC +1)
You have extremely tough skin. (AC +3)


Message History

The hornet is heavily wounded.
The hornet stings you!
* * * LOW HITPOINT WARNING * * *
You are poisoned.
You feel yourself slow down.
You scratch the hornet but do no damage.
The hornet is heavily wounded.
You feel sick. The hornet barely misses you. x2
You feel better.
The hornet stings you but does no damage.
The hornet stings you!
* * * LOW HITPOINT WARNING * * *
You feel as though you will be slow longer.
You claw the hornet! Your claw misses the hornet.
The hornet is severely wounded.
The hornet stings you!
* * * LOW HITPOINT WARNING * * *
You feel as though you will be slow longer.
The hornet stings you!
You die...

▓.▓
▓.▓
▓.▓
▓.▓
▓.▓
▓.▓
▓'▓
▓(▓
▓@▓
▓y▓
▓.▓
▓.▓
▓.▓
▓+▓


You could see a hornet.

Vanquished Creatures
  An unseen horror (D)
  A cyclops (D)
  An efreet (D)
  A shadow (D)
  An ogre (D)
  An iguana (D)
  A worker ant (D)
  2 shadow imps (D)
  2 adder skeletons (D)
  A dart slug (D)
  2 bat skeletons (D)
  A bat zombie (D)
  A goblin (D)
  A hobgoblin (D)
  A jackal (D)
  A ball python (D)
  A rat (D)
20 creatures vanquished.

Vanquished Creatures (others)
  An orc (D)
1 creature vanquished.

Grand Total: 21 creatures vanquished

Notes
Turn   | Place    | Note
-------+----------+-------------------------------------------
     0 | D        | Faca the Troll Hunter began the quest for the Orb.
     0 | D        | Reached XP level 1. HP: 19/19 MP: 0/0
    10 | D        | Reached skill level 1 in Unarmed Combat
    26 | D        | Noticed an iguana
    26 | D        | Noticed an ogre
    30 | D        | Reached XP level 2. HP: 29/29 MP: 1/1
    43 | D        | Reached skill level 5 in Throwing
    43 | D        | Reached XP level 3. HP: 34/37 MP: 2/2
    48 | D        | Killed an ogre
    48 | D        | Reached skill level 5 in Unarmed Combat
    48 | D        | Reached XP level 4. HP: 47/49 MP: 3/3
    61 | D        | Found a roughly hewn altar of Beogh.
    61 | D        | Found a snail-covered altar of Cheibriados.
    61 | D        | Found a shadowy altar of Dithmenos.
    61 | D        | Found a white marble altar of Elyvilon.
    61 | D        | Found a blossoming altar of Fedhas.
    61 | D        | Found an opulent altar of Gozag.
    62 | D        | Found a hazy altar of Hepliaklqana.
    63 | D        | Found a viscous altar of Jiyva.
    64 | D        | Found an ancient bone altar of Kikubaaqudgha.
    65 | D        | Found a corrupted altar of Lugonu.
    66 | D        | Found a burning altar of Makhleb.
    67 | D        | Found a sparkling altar of Nemelex Xobeh.
    68 | D        | Found an iron altar of Okawaru.
    69 | D        | Found a stormy altar of Qazlal.
    70 | D        | Found a sacrificial altar of Ru.
    71 | D        | Found a shimmering blue altar of Sif Muna.
    72 | D        | Found a bloodstained altar of Trog.
    73 | D        | Found a hide-covered altar of Uskayaw.
    74 | D        | Found a radiant altar of Vehumet.
    75 | D        | Found an ornate altar of the Wu Jian Council.
    76 | D        | Became a worshipper of Warmaster Okawaru
    77 | D        | Found a shimmering altar of Xom.
    78 | D        | Found a basalt altar of Yredelemnul.
    79 | D        | Found a glowing silver altar of Zin.
    80 | D        | Found a glowing golden altar of the Shining One.
   119 | D        | Killed an unseen horror
   119 | D        | Reached * piety under Okawaru
   119 | D        | Reached ** piety under Okawaru
   119 | D        | Reached *** piety under Okawaru
   119 | D        | Received a gift from Okawaru
   119 | D        | Reached XP level 5. HP: 20/63 MP: 4/4
   119 | D        | Reached XP level 6. HP: 23/72 MP: 5/5
   119 | D        | Reached XP level 7. HP: 25/79 MP: 6/6
   223 | D        | Noticed an efreet
   223 | D        | Noticed a shadow
   223 | D        | Noticed a cyclops
   223 | D        | Noticed a hornet
   230 | D        | Killed an efreet
   230 | D        | Reached **** piety under Okawaru
   232 | D        | Killed a shadow
   232 | D        | Received a gift from Okawaru
   232 | D        | Reached skill level 10 in Throwing
   232 | D        | Reached skill level 10 in Unarmed Combat
   232 | D        | Reached XP level 8. HP: 47/89 MP: 7/7
   240 | D        | Killed a cyclops
   240 | D        | Received a gift from Okawaru
   247 | D        | Slain by a hornet

Levels and vault maps discovered:
D:        linesprint [early_d, line_temple, items_1, d_10, items_2, lair_1,
          lair_end, items_3, orc_1, orc_end, items_4, d_15, swamp_1, shoals_1,
          snake_1, spider_1, d_20, vaults_1, items_5, swamp_end, shoals_end,
          snake_end, spider_end, vaults_end, d_27, items_6, zot_1, zot_end,
          crypt_end, forest_end, elf_end, slime_end, tomb_end, abyss_end,
          pan_hell_end]

Skill      XL: |  1  2  3  4  5  6  7  8 |
---------------+-------------------------+-----
Fighting       | 2 3 4 7 8 9 |  9.4
Throwing       | 4 5 6 9 10 | 10.7
Unarmed Combat | 2 3 5 9 10 | 10.8
Dodging        | |  1.5
Stealth        | |  0.3

Action                   |  1- 3 |  4- 6 |  7- 9 || total
-------------------------+-------+-------+-------++-------
Melee: Unarmed           |    31 |    12 |    30 ||    73
       Punch             |       |     1 |     2 ||     3
  Use: Potion            |     2 |     1 |     2 ||     5
  Eat: Chunk             |       |       |     5 ||     5
Armor: Robe              |     1 |     7 |     2 ||    10
Dodge: Dodged            |    12 |     4 |    13 ||    29

Table legend:
 A = Non-vault XP
 B = Vault XP
 C = Vault XP percentage of total XP
 D = Non-vault monster count
 E = Vault monster count
 F = Vault count percentage of total count
                 A         B        C        D         E       F
            +---------+---------+-------+---------+---------+-------
      Total |       0 |    2056 | 100.0 |       0 |      20 | 100.0
            +---------+---------+-------+---------+---------+-------
          D |       0 |    2056 | 100.0 |       0 |      20 | 100.0
            +---------+---------+-------+---------+---------+-------
